 Dungeon Crawl Stone Soup version 0.29.1-2-gbd0b4ee654 (webtiles) character file.

Game seed: 10939927399545764522

158 funnyparkerb the Conjurer (level 5, -3/28 HPs)
             Began as a Deep Elf Conjurer on Nov 9, 2022.
             Slain by an iguana (5 damage)
             ... on level 3 of the Dungeon.
             The game lasted 00:05:31 (3591 turns).

funnyparkerb the Conjurer (Deep Elf Conjurer)       Turns: 3591, Time: 00:05:32

Health: -3/28      AC:  2    Str:  4    XL:     5   Next: 16%
Magic:  2/14       EV: 12    Int: 25    God:
Gold:   120        SH:  5    Dex: 13    Spells: 0/14 levels left

rFire   + . .      SeeInvis .   (no weapon)
rCold   . . .      Faith    .   (no shield)
rNeg    . . .      Spirit   .   a - +0 robe
rPois   .          Reflect  +   (no helmet)
rElec   .          Harm     .   (no cloak)
rCorr   .          Rampage  .   (no gloves)
Will    .....                   (no boots)
Stlth   ++........              h - amulet of reflection
HPRegen 0.09/turn               c - ring of protection from fire
MPRegen 0.14/turn               (no ring)

@: no status effects
A: no striking features
a: no special abilities


You were on level 3 of the Dungeon.
You visited 1 branch of the dungeon, and saw 3 of its levels.

You collected 120 gold pieces.

Inventory:

Missiles
 l - 2 throwing nets
Armour
 a - a +0 robe (worn)
Jewellery
 c - a ring of protection from fire (left hand)
 h - an amulet of reflection (around neck)
Wands
 q - a wand of flame (9)
Scrolls
 d - 2 scrolls of identify {unknown}
 g - a scroll of butterflies {unknown}
 i - a scroll of poison {unknown}
 j - a scroll of blinking {unknown}
 n - 4 scrolls of amnesia {unknown}
 o - 2 scrolls of noise {unknown}
Potions
 b - a potion of magic
 e - a potion of mutation {unknown}
 f - a potion of berserk rage {unknown}
 k - a potion of degeneration {unknown}
 m - 2 potions of curing {unknown}
 p - a potion of lignification {unknown}


   Skills:
 - Level 2.4 Dodging
 - Level 2.4 Stealth
 + Level 5.4 Spellcasting
 + Level 5.8 Conjurations
 + Level 1.2 Hexes


You couldn't memorise any spells.
You knew the following spells:

 Your Spells              Type           Power      Damage    Failure   Level
a - Magic Dart            Conj           100%       1d8       1%          1
b - Searing Ray           Conj           72%        2d7       1%          2
c - Dazzling Flash        Conj/Hex       48%        N/A       5%          3
d - Fulminant Prism       Conj/Hex       12%        3d9       19%         4
e - Iskenderun's Mystic   Conj/Tloc      21%        2d6       24%         4

Your spell library contained the following spells:

 Spells                   Type           Power      Damage    Failure   Level
 Slow                     Hex            52%        N/A       4%          1
 Necrotise                Necr           24%        1d5       8%          1
 Ensorcelled Hibernation  Hex/Ice        18%        N/A       10%         2
 Passwall                 Tmut/Erth      5%         N/A       12%         2
 Confusing Touch          Hex            13%        N/A       14%         3
 Tukima's Dance           Hex            13%        N/A       14%         3
 Swiftness                Air            6%         N/A       24%         3
 Vampiric Draining        Necr           6%         2d6       24%         3
 Passage of Golubria      Tloc           6%         N/A       61%         4
 Yara's Violent Unravell  Hex/Tmut       4%         3d4       86%         5
 Agony                    Necr           6%         N/A       91%         5
 Starburst                Conj/Fire      10%        6d5       98%         6


Dungeon Overview and Level Annotations

Branches:
Dungeon (3/15)

Altars:
Makhleb


Message History

The iguana is moderately wounded.
The magic dart hits the iguana but does no damage.
The iguana is moderately wounded.
The magic dart hits the iguana but does no damage.
The iguana is moderately wounded.
The magic dart hits the iguana.
The iguana is severely wounded.
The magic dart hits the iguana but does no damage.
The iguana is severely wounded.
The magic dart hits the iguana but does no damage.
The iguana is severely wounded.
The iguana barely misses you.
The magic dart hits the iguana but does no damage.
The iguana is severely wounded.
The iguana bites you!
The magic dart hits the iguana.
The iguana is severely wounded.
The iguana bites you.
The magic dart hits the iguana.
The iguana is almost dead.
The iguana bites you!
* * * LOW HITPOINT WARNING * * *
Casting: Magic Dart (safe; 1% risk of failure)
Confirm with . or Enter, or press ? or * to list all spells.
Casting: Dazzling Flash (quite dangerous; 5% risk of failure)
Press: ? - help, Dir - look around, f - activate The iguana is dazzled.
You block the iguana's attack.
You are too injured to fight recklessly!
Casting: Dazzling Flash (quite dangerous; 5% risk of failure)
Confirm with . or Enter, or press ? or * to list all spells.
Okay, then.
Casting: Dazzling Flash (quite dangerous; 5% risk of failure)
Confirm with . or Enter, or press ? or * to list all spells.
Aiming: Magic Dart (safe; 1% risk of failure)
Press: ? - help, Shift-Dir - straight line, f - iguana
Aim: an iguana (almost dead, blind, 100% to hit)
The magic dart hits the iguana but does no damage.
The iguana is almost dead.
The iguana bites you.
You die...

###.###..
........ #....#.#
#....#.# #....#.#
....# #....#.#
#....#
#...l#.###....#
#...@..#.....#
#...#..#.....#
#####..#.....#
#########.#.....#
...........#....#
#####...##......#
#...####....#
#...# #....##
##### #...#
#.....# #....


You could see an iguana (blind).

Vanquished Creatures
  Robin (D:2)
  3 gnolls (D:2)
  3 adders
  5 worms (D:2)
  A dart slug (D:1)
  4 bats
  5 endoplasms
  A giant cockroach (D:2)
  14 goblins
  6 hobgoblins
  6 jackals
  A quokka (D:2)
  6 ball pythons
  3 frilled lizards (D:1)
  6 kobolds
  8 rats
73 creatures vanquished.

Notes
Turn   | Place    | Note
-------+----------+-------------------------------------------
     0 | D:1      | funnyparkerb the Deep Elf Conjurer began the quest for the
                  | Orb.
     0 | D:1      | Reached XP level 1. HP: 10/10 MP: 6/6
   335 | D:1      | Reached XP level 2. HP: 15/15 MP: 4/8
   338 | D:1      | Learned a level 2 spell: Searing Ray
   561 | D:1      | Found a faded altar of an unknown god.
   966 | D:1      | Reached skill level 5 in Conjurations
   966 | D:1      | Reached XP level 3. HP: 19/19 MP: 7/10
   970 | D:1      | Learned a level 3 spell: Dazzling Flash
  1345 | D:2      | Noticed Robin
  1858 | D:2      | Killed Robin
  1996 | D:2      | Reached XP level 4. HP: 24/24 MP: 4/12
  2110 | D:2      | Reached skill level 5 in Spellcasting
  2366 | D:2      | Learned a level 4 spell: Fulminant Prism
  2697 | D:2      | Reached XP level 5. HP: 24/28 MP: 6/14
  3271 | D:3      | Found a burning altar of Makhleb.
  3308 | D:3      | Reached skill level 1 in Hexes
  3453 | D:3      | Learned a level 4 spell: Iskenderun's Mystic Blast
  3591 | D:3      | Slain by an iguana

Illustrated notes

Levels and vault maps discovered:
D:1:      scummos_arrival_gate, layout_loops_corners,
          hellmonk_ecumenical_altar_blasted, chequers_hall_statues_wall_a,
          minmay_tetromino_o2
D:2:      layout_basic, chequers_serial_rivers_large_a, uniq_robin
D:3:      layout_basic, mainiacjoe_overflow_24_doors, nrook_campfire,
          minmay_misc_feat_chi, uniq_natasha

Skill      XL: |  1  2  3  4  5 |
---------------+----------------+-----
Spellcasting   | 4 5 |  5.4
Conjurations   | 5 |  5.8
Hexes          | 1 |  1.2
Dodging        | |  2.4
Stealth        | |  2.4

Action                   |  1- 3 |  4- 6 || total
-------------------------+-------+-------++-------
 Cast: Magic Dart        |    69 |    89 ||   158
       Searing Ray       |     4 |       ||     4
       Dazzling Flash    |     3 |     1 ||     4
Armor: Robe              |     2 |       ||     2
Dodge: Dodged            |    18 |     3 ||    21
Block: Other             |     6 |     1 ||     7
